Map: Coda EC

Players

Sonny - Winner!

  • Race: Protoss Protoss
  • League: Grandmaster

AgCl

  • Race: Protoss Protoss
  • League: Grandmaster

VOD

Have the link to the VOD?

Description

Time

  • Played on: May 30, 2015, 9:04 p.m.
  • Length: 20:01
Show
View Real Time Build Order
Export as new Build Order

Sonny Protoss - Winner!

Build Orders: Blink Stalkers 

Get SALT Encoding   

  12  0:01  Probe  
  13  0:13  Probe  
  14  0:18  Pylon  
  14  0:36  Probe  
  14  0:38  Gateway  
  15  0:48  Probe  
  16  0:50  Assimilator  
  16  0:53  Assimilator  
  16  1:00  Probe (Chrono Boost)  
  17  1:12  Probe (Chrono Boost)  
  18  1:20  Probe (Chrono Boost)  
  18  1:25  Cybernetics Core  
  19  1:29  Probe (Chrono Boost)  
  22  1:40  Probe (Chrono Boost), Pylon  
  21  1:51  Probe (Chrono Boost)  
  22  1:59  Probe (Chrono Boost)  
  23  2:04  Nexus  
  23  2:16  Mothership Core, Warp Gate (Chrono Boost)  
  25  2:28  Stalker  
  27  2:59  Probe  
  27  3:04  Stalker  
  30  3:15  Probe  
  31  3:21  Probe  
  31  3:27  Twilight Council  
  32  3:28  Probe  
  33  3:38  Gateway  
  33  3:41  Gateway  
  33  3:44  Gateway  
  33  3:47  Probe x2  
  35  3:49  Robotics Facility  
  35  3:56  Pylon  
  35  3:59  Probe  
  35  4:00  Probe  
  37  4:03  Blink (Chrono Boost)  
  37  4:11  Probe  
  39  4:17  Probe  
  39  4:19  Stalker  
  41  4:31  Probe  
  41  4:32  Probe  
  41  4:34  Assimilator  
  41  4:36  Observer (Chrono Boost)  
  41  4:38  Assimilator  
  44  4:44  Probe x2, Pylon  
  46  4:51  Stalker x3  
  46  4:52  Stalker, Forge  
  51  5:02  Probe x2  
  53  5:14  Probe  
  53  5:15  Probe  
  55  5:27  Nexus  
  55  5:31  Probe  
  55  5:32  Protoss Ground Weapons Level 1 (Chrono Boost)  
  55  5:34  Photon Cannon  
  56  5:37  Photon Cannon  
  56  5:43  Probe  
  56  5:47  Probe  
  58  5:52  Stalker  
  58  5:55  Pylon  
  60  5:57  Charge (Chrono Boost)  
  60  6:08  Robotics Bay  
  60  6:13  Probe x2 (Chrono Boost)  
  60  6:17  Warp Prism (Chrono Boost)  
  64  6:23  Probe (Chrono Boost)  
  61  6:28  Stalker x2  
  61  6:30  Probe  
  66  6:33  Probe  
  66  6:39  Probe  
  68  6:42  Probe  
  69  6:49  Probe  
  69  6:51  Probe  
  71  6:57  Pylon  
  71  7:00  Pylon  
  71  7:03  Gravitic Drive (Chrono Boost)  
  71  7:04  Probe  
  71  7:07  Protoss Ground Weapons Level 2 (Chrono Boost)  
  76  7:13  Disruptor  
  76  7:17  Probe  
  76  7:20  Probe x2  
  79  7:31  Probe  
  79  7:33  Probe  
  79  7:36  Gateway x2  
  80  7:39  Gateway  
  80  7:42  Probe  
  81  7:45  Photon Cannon  
  81  7:47  Photon Cannon, Robotics Facility  
  81  7:50  Photon Cannon  
  81  7:51  Templar Archives  
  81  7:52  Probe  
  81  7:54  Assimilator  
  81  7:57  Assimilator  
  82  8:01  Probe  
  82  8:04  Probe, Photon Cannon  
  84  8:07  Probe, Disruptor  
  85  8:13  Probe  
  85  8:17  Probe  
  87  8:22  Probe  
  87  8:25  Probe  
  89  8:30  Probe  
  89  8:34  Probe  
  91  8:37  Probe  
  92  8:46  Probe  
  93  8:54  Photon Cannon  
  93  8:55  Forge  
  93  8:56  High Templar  
  93  8:57  High Templar  
  93  8:59  Protoss Ground Weapons Level 3 (Chrono Boost)  
  93  9:01  Pylon  
  93  9:02  Pylon  
  97  9:04  Pylon  
  97  9:05  Pylon  
  97  9:09  Psionic Storm  
  97  9:16  Pylon  
  97  9:17  Pylon  
  97  9:18  Pylon x2  
  97  9:20  Pylon x2  
  97  9:23  Pylon, Archon  
  91  9:35  Protoss Shields Level 1 (Chrono Boost), Stargate  
  91  9:37  Stargate  
  91  9:38  Protoss Air Weapons Level 1 (Chrono Boost)  
  91  9:39  Stargate  
  91  9:41  High Templar  
  91  9:42  High Templar  
  91  9:44  Stargate  
  95  9:52  Cybernetics Core  
  95  9:58  Nexus  
  95  9:59  Pylon, High Templar x2  
  99  10:02  Assimilator  
  99  10:06  Assimilator  
  99  10:23  Phoenix (Chrono Boost)  
  99  10:24  Phoenix x2 (Chrono Boost)  
  105  10:30  High Templar  
  109  10:37  Phoenix (Chrono Boost)  
  109  10:40  Stalker x2  
  109  10:41  Stalker x2  
  117  10:47  Phoenix (Chrono Boost)  
  117  10:48  Zealot x2  
  123  10:53  Pylon  
  123  10:54  Pylon  
  123  10:55  Pylon  
  123  10:57  Observer  
  123  11:00  Phoenix  
  126  11:07  Pylon  
  126  11:08  Nexus  
  126  11:12  Probe  
  126  11:13  Phoenix (Chrono Boost), Photon Cannon  
  126  11:15  Phoenix (Chrono Boost)  
  133  11:18  Phoenix (Chrono Boost)  
  133  11:26  Zealot x5  
  133  11:27  Zealot x2  
  149  11:33  Phoenix (Chrono Boost)  
  149  11:35  Probe  
  150  11:46  Protoss Ground Armor Level 1 (Chrono Boost)  
  150  11:50  Protoss Shields Level 2 (Chrono Boost)  
  144  12:11  Probe  
  127  12:30  Probe  
  127  12:32  Phoenix x2  
  127  12:33  Phoenix x2  
  127  12:36  Zealot x3  
  127  12:37  Zealot x4  
  150  12:57  Phoenix  
  142  13:32  Phoenix x4  
  142  13:33  High Templar x3  
  150  13:35  Stalker  
  150  13:36  Stalker x3  
  158  13:51  Fleet Beacon, Protoss Shields Level 3 (Chrono Boost)  
  158  13:54  Protoss Air Armor Level 1 (Chrono Boost)  
  158  13:55  Protoss Ground Armor Level 2 (Chrono Boost)  
  158  13:56  Nexus  
  158  13:59  Pylon  
  158  14:03  Assimilator  
  158  14:04  Zealot x3  
  158  14:05  Zealot  
  158  14:06  Zealot x2  
  158  14:07  Zealot, Assimilator  
  171  14:28  Carrier (Chrono Boost)  
  171  14:29  Carrier x2 (Chrono Boost)  
  171  14:30  Carrier (Chrono Boost)  
  195  15:01  Anion Pulse-Crystals (Chrono Boost)  
  195  15:13  Zealot x2  
  199  15:22  Nexus  
  199  15:24  Pylon  
  199  15:25  Pylon  
  193  15:28  Assimilator  
  193  15:33  Assimilator  
  191  15:36  High Templar x2  
  189  15:54  Phoenix x4  
  185  16:19  Phoenix  
  187  16:27  Protoss Air Weapons Level 2  
  187  16:28  Protoss Air Armor Level 2  
  187  16:30  Protoss Ground Armor Level 3 (Chrono Boost)  
  187  16:43  Phoenix x2 (Chrono Boost)  
  193  16:51  Nexus, Phoenix (Chrono Boost)  
  193  16:52  Pylon  
  129  17:16  Stalker x6  
  129  17:17  Stalker  
  132  17:40  Zealot x2  
  132  17:41  Zealot x5  
  136  17:49  Carrier x2 (Chrono Boost)  
  123  18:03  Phoenix  
  123  18:04  Phoenix  
  123  18:05  Zealot x5  
  133  18:06  Zealot  
  138  18:17  Observer Gravitic Boosters  
  138  18:23  Observer (Chrono Boost)  
  139  18:32  Phoenix (Chrono Boost)  
  141  18:45  Observer (Chrono Boost), Zealot  
  141  18:46  Zealot x3  
  150  18:53  Pylon  
  150  19:01  Stalker  
  158  19:08  Nexus  
  158  19:09  Pylon  
  156  19:17  Photon Cannon  
  156  19:19  Photon Cannon  
  156  19:21  Photon Cannon  
  156  19:29  Phoenix  
  156  19:30  Phoenix  
  142  19:59  Stalker x2  
  143  20:00  Stalker x2  
Show
View Real Time Build Order
Export as new Build Order

AgCl Protoss 

Build Orders: Nexus First, Oracle Opening, Oracle Opening 

Get SALT Encoding   

  12  0:02  Probe  
  13  0:21  Pylon  
  13  0:23  Probe  
  14  0:40  Probe  
  15  0:57  Nexus  
  15  1:01  Probe  
  16  1:13  Probe  
  16  1:14  Assimilator  
  17  1:25  Gateway  
  17  1:26  Probe (Chrono Boost)  
  18  1:38  Probe (Chrono Boost)  
  19  1:46  Gateway  
  19  1:48  Probe (Chrono Boost)  
  20  1:54  Assimilator  
  20  1:58  Probe (Chrono Boost)  
  22  2:08  Probe (Chrono Boost)  
  22  2:09  Probe (Chrono Boost)  
  22  2:14  Cybernetics Core  
  23  2:18  Probe (Chrono Boost)  
  24  2:24  Pylon  
  26  2:30  Probe (Chrono Boost)  
  26  2:33  Probe (Chrono Boost)  
  26  2:39  Probe (Chrono Boost), Pylon  
  26  2:42  Probe (Chrono Boost)  
  28  2:48  Probe  
  29  2:54  Probe  
  30  3:03  Stargate  
  30  3:06  Robotics Facility  
  30  3:10  Probe (Chrono Boost)  
  31  3:17  Probe (Chrono Boost)  
  32  3:22  Assimilator  
  35  3:28  Mothership Core (Chrono Boost), Probe (Chrono Boost)  
  35  3:34  Probe (Chrono Boost)  
  35  3:39  Pylon  
  35  3:43  Probe  
  35  3:46  Probe  
  37  3:50  Oracle (Chrono Boost), Assimilator  
  37  3:55  Probe  
  41  3:58  Probe  
  42  4:03  Observer (Chrono Boost)  
  42  4:06  Gateway  
  42  4:07  Probe  
  44  4:10  Probe, Forge  
  44  4:16  Pylon  
  45  4:17  Pylon  
  46  4:29  Immortal (Chrono Boost)  
  49  4:34  Void Ray (Chrono Boost)  
  53  4:38  Probe  
  53  4:41  Probe  
  55  4:50  Probe  
  56  4:53  Probe  
  54  5:01  Twilight Council  
  54  5:02  Protoss Ground Weapons Level 1 (Chrono Boost)  
  54  5:03  Probe  
  54  5:05  Probe  
  56  5:13  Immortal  
  56  5:17  Cybernetics Core  
  56  5:19  Gateway  
  56  5:20  Void Ray (Chrono Boost)  
  64  5:28  Probe x2  
  66  5:39  Dark Shrine  
  66  5:47  Pylon  
  66  5:51  Pylon  
  66  5:55  Pylon  
  66  6:05  Probe x2  
  66  6:09  Immortal (Chrono Boost), Warp Gate (Chrono Boost)  
  66  6:11  Void Ray  
  72  6:16  Cybernetics Core  
  72  6:17  Probe  
  77  6:19  Pylon  
  73  6:30  Probe  
  74  6:33  Pylon  
  74  6:43  Immortal (Chrono Boost)  
  74  6:45  Nexus, Assimilator  
  74  6:46  Pylon  
  78  6:48  Phoenix, Assimilator  
  78  6:53  Protoss Air Weapons Level 1  
  80  7:05  Protoss Ground Weapons Level 2 (Chrono Boost)  
  80  7:09  Photon Cannon  
  80  7:15  Observer (Chrono Boost)  
  81  7:26  Photon Cannon  
  81  7:28  Pylon  
  79  7:30  Immortal  
  79  7:33  Fleet Beacon  
  79  7:34  Phoenix (Chrono Boost)  
  85  7:53  Probe x2  
  85  7:55  Carrier (Chrono Boost)  
  88  8:07  Probe (Chrono Boost)  
  88  8:10  Probe (Chrono Boost)  
  90  8:14  Probe (Chrono Boost)  
  90  8:16  Graviton Catapult  
  97  8:20  Probe (Chrono Boost)  
  97  8:33  Charge  
  95  8:35  Photon Cannon  
  95  8:37  Pylon  
  87  8:53  Stargate  
  87  8:55  Nexus  
  87  8:58  Pylon  
  87  9:11  Assimilator  
  87  9:14  Phoenix (Chrono Boost)  
  89  9:17  Assimilator  
  89  9:19  Pylon  
  89  9:20  Protoss Air Weapons Level 2 (Chrono Boost)  
  89  9:23  Carrier x2 (Chrono Boost)  
  89  9:28  Pylon  
  89  9:29  Probe x2  
  89  9:30  Probe  
  98  9:41  Probe  
  105  9:47  Zealot  
  105  9:51  Protoss Air Armor Level 1 (Chrono Boost), Pylon  
  107  9:58  Gateway  
  107  10:00  Pylon  
  107  10:05  Photon Cannon  
  107  10:10  Dark Templar x2  
  109  10:22  Carrier (Chrono Boost)  
  109  10:27  Carrier (Chrono Boost)  
  119  10:55  Gateway  
  119  10:56  Gateway, Probe (Chrono Boost)  
  123  11:01  Probe x2 (Chrono Boost), Protoss Shields Level 1 (Chrono Boost)  
  123  11:02  Probe (Chrono Boost)  
  123  11:03  Gateway  
  124  11:05  Probe (Chrono Boost)  
  124  11:08  Probe (Chrono Boost)  
  125  11:19  Protoss Air Weapons Level 3 (Chrono Boost)  
  125  11:30  Zealot  
  127  11:38  Phoenix (Chrono Boost)  
  129  11:43  Templar Archives  
  129  11:46  Protoss Air Armor Level 2 (Chrono Boost)  
  129  11:56  Pylon  
  129  12:00  Carrier (Chrono Boost)  
  121  12:11  Dark Templar x2  
  120  12:31  Probe (Chrono Boost)  
  124  12:37  Probe x2 (Chrono Boost)  
  124  12:38  Photon Cannon  
  124  12:39  Probe (Chrono Boost)  
  124  12:42  Probe (Chrono Boost)  
  125  12:44  Gateway  
  125  12:54  Dark Templar  
  125  12:57  Dark Templar  
  124  13:56  Nexus, High Templar x2  
  124  13:57  High Templar x2  
  124  13:58  Pylon  
  124  14:01  Archon  
  124  14:02  Archon  
  132  14:06  Dark Templar  
  134  14:11  Dark Templar  
  136  14:30  Zealot  
  136  14:31  Zealot  
  140  14:35  Protoss Shields Level 2 (Chrono Boost)  
  136  14:47  Forge  
  136  14:59  Pylon  
  136  15:03  High Templar x3  
  136  15:04  High Templar  
  144  15:11  Archon  
  144  15:12  Archon  
  144  15:19  Probe x2 (Chrono Boost)  
  148  15:25  Probe x2 (Chrono Boost)  
  148  15:26  Assimilator  
  149  15:29  Probe (Chrono Boost)  
  149  15:48  Assimilator  
  149  15:49  Probe  
  150  15:50  Probe  
  150  15:53  Photon Cannon  
  150  15:55  Dark Templar  
  149  16:21  Carrier x2 (Chrono Boost)  
  148  16:35  Zealot  
  148  16:36  Nexus  
  136  17:09  Archon x2  
  136  17:10  Archon  
  126  17:18  Archon  
  90  17:30  Protoss Air Armor Level 3 (Chrono Boost)  
  62  18:00  Dark Templar x2  
  62  18:01  Dark Templar  
  48  18:31  Pylon  
  48  18:32  Gateway x2  
  48  18:33  Probe (Chrono Boost)  
  51  18:38  Probe (Chrono Boost)  
  51  18:39  Probe (Chrono Boost)  
  53  18:41  Probe x2 (Chrono Boost)  
  53  18:44  Probe (Chrono Boost), Zealot  
  53  18:46  Probe  
  57  18:50  Probe  
  57  18:55  Probe  
  59  19:01  Probe  
  59  19:02  Probe  
  51  19:10  Dark Templar x3  
  51  19:11  Dark Templar, Zealot  
  51  19:12  Zealot x2  
  51  19:14  Archon x3  
  51  19:15  Archon  
  49  19:37  Zealot x3  
  49  19:38  Zealot x2  
  57  19:39  Zealot x2  
  59  19:47  Zealot x2  
Tags
 
Add a new tag
Caveats
  • Supply blocks, unpowered buildings, or Contaminate may cause inaccurate times.
  • Supply counts are checked every 10 seconds.